[Event "Titled Tuesday Blitz May 16 Late 2023"]
[White "Rastbod, Ali"]
[Black "Avalos Parra, Joao"]
[WhiteFideId "12567477"]
[BlackFideId "3402541"]
[WhiteElo "2274"]
[BlackElo "2173"]
[Result "1-0"]
[Round "01"]
[TimeControl "180+2"]
[Date "2023.05.16"]
[WhiteClock "0:00:50"]
[BlackClock "0:00:03"]

1. d4 d5 2. Bf4 e6 3. e3 Bd6 4. Bg3 Nf6 5. Nd2 O-O 6. Bd3 c5 7. c3 Qc7 8. Bxd6 Qxd6 9. f4 b6 10. Qe2 a5 11. Ngf3 Ba6 12. Bxa6 Nxa6 13. Ne5 Nb8 14. O-O-O Nbd7 15. Kb1 b5 16. Qxb5 Rfb8 17. Qc6 Qe7 18. Ndf3 Nxe5 19. Nxe5 Ne4 20. Qd7 Qf6 21. Rc1 c4 22. Qa4 Qe7 23. Ka1 Rb6 24. Qd7 Qf8 25. Rc2 f6 26. Nf3 Rab8 27. Nd2 Nf2 28. Rb1 Nd3 29. Qa4 Qd6 30. Nxc4 dxc4 31. Qxc4 Nxf4 32. exf4 Qxf4 33. g3 Qf5 34. Re2 h5 35. Rbe1 Kh7 36. Qa4 Qd3 37. Qc2 Qxc2 38. Rxc2 Kg6 39. Rce2 Kf5 40. b3 a4 41. b4 Rc6 42. Kb2 Rbc8 43. Re3 a3+ 44. Kb3 g5 45. b5 Rc4 46. Rf1+ Kg6 47. h3 e5 48. dxe5 fxe5 49. Rc1 R8c5 50. Rxe5 Rxc3+ 51. Rxc3 Rxe5 52. Ka4 Re2 53. Kxa3 g4 54. hxg4 hxg4 55. b6 Re6 56. Rb3 Re8 57. b7 Rb8 58. Kb2 Kf6 59. a4 Ke6 60. a5 1-0


[Site "https://www.chess.com"]

[Event "Titled Tuesday Blitz May 16 Late 2023"]
[White "ArchibaldCerveza29"]
[Black "Tsvetkov, Andrey"]
[BlackFideId "34139360"]
[WhiteElo "2382"]
[BlackElo "2296"]
[Result "0-1"]
[Round "01"]
[TimeControl "180+2"]
[Date "2023.05.16"]
[WhiteClock "0:00:00"]
[BlackClock "0:00:29"]

1. d4 d5 2. c4 e6 3. Nc3 Nf6 4. cxd5 exd5 5. Bg5 Bb4 6. Qc2 h6 7. Bh4 g5 8. Bg3 Ne4 9. e3 h5 10. f3 Nxg3 11. hxg3 c6 12. Bd3 Bd6 13. Nge2 Nd7 14. O-O-O Nf6 15. e4 dxe4 16. fxe4 Ng4 17. Rde1 Qe7 18. e5 Bb4 19. a3 Ba5 20. Kb1 Be6 21. Nc1 O-O-O 22. d5 Bxd5 23. Nxd5 Rxd5 24. Bf5+ Kb8 25. Re2 Nxe5 26. Nd3 Qf6 27. Nxe5 Rxe5 28. Rxe5 Qxe5 29. g4 Rd8 30. Rxh5 Rd2 31. Qc1 Re2 32. Rxg5 Re1 33. Rg8+ Kc7 34. Rc8+ Kb6 0-1


[Site "https://www.chess.com"]

[Event "Titled Tuesday Blitz May 16 Late 2023"]
[White "Jaracz, Pawel"]
[Black "Abduzhaparov"]
[WhiteFideId "1102222"]
[WhiteElo "2438"]
[BlackElo "2379"]
[Result "1-0"]
[Round "01"]
[TimeControl "180+2"]
[Date "2023.05.16"]
[WhiteClock "0:01:01"]
[BlackClock "0:00:02"]

1. d4 d6 2. e4 Nf6 3. Bd3 e5 4. Nf3 c6 5. O-O Nbd7 6. c3 Be7 7. Nbd2 O-O 8. Re1 Re8 9. Nf1 Bf8 10. Ng3 g6 11. h3 Bg7 12. Bg5 Qc7 13. Qd2 Rb8 14. Bh6 Bh8 15. Nh4 Nb6 16. f4 exd4 17. cxd4 d5 18. e5 Ne4 19. Nxe4 dxe4 20. Bxe4 Qd8 21. Qf2 f5 22. Bg5 Qd7 23. Bc2 Qf7 24. Nf3 Be6 25. Bh4 Bd5 26. Ng5 Qd7 27. Kh2 h6 28. Nf3 Bg7 29. Rg1 Be6 30. Rad1 Nd5 31. Ne1 Rbd8 32. Nd3 b6 33. Bb3 Qc7 34. Bxd8 Rxd8 35. Rc1 Qf7 36. Rxc6 Kh7 37. Rd6 Rxd6 38. exd6 Qd7 39. Ne5 Qxd6 40. Rc1 Bg8 41. Rc6 Bxe5 42. Rxd6 Bxf4+ 43. Qxf4 Nxf4 44. Rd7+ Kh8 45. Rd8 1-0


[Site "https://www.chess.com"]

[Event "Titled Tuesday Blitz May 16 Late 2023"]
[White "Slavin, Alexey"]
[Black "Volkov, Maksim"]
[WhiteFideId "24104388"]
[BlackFideId "54123070"]
[WhiteElo "2264"]
[BlackElo "2297"]
[Result "0-1"]
[Round "01"]
[TimeControl "180+2"]
[Date "2023.05.16"]
[WhiteClock "0:00:00"]
[BlackClock "0:00:45"]

1. e4 c5 2. g3 d5 3. exd5 Qxd5 4. Qf3 Qxf3 5. Nxf3 b6 6. Bg2 Bb7 7. Nc3 Nf6 8. Nb5 Na6 9. d3 O-O-O 10. Nxa7+ Kb8 11. Nb5 Bc6 12. Bf4+ Kb7 13. Nc3 Nb4 14. O-O-O e5 15. Bd2 Ng4 16. Be1 f6 17. h3 Nh6 18. a3 Na6 19. g4 Nc7 20. Bd2 Nf7 21. Nh4 Bxg2 22. Nxg2 h5 23. Ne3 g6 24. Nc4 Kc6 25. f3 Ne6 26. Ne2 b5 27. Na5+ Kb6 28. Nb3 Rd7 29. f4 Bd6 30. gxh5 Rxh5 31. fxe5 Bxe5 32. h4 Nd6 33. Rdg1 Rg7 34. Ng3 Rh8 35. Ne4 Nf5 36. h5 Rxh5 37. Rxh5 gxh5 38. Rxg7 Nfxg7 39. Be3 Nf5 40. Bg1 Nfd4 41. Nxd4 cxd4 42. c3 h4 43. cxd4 Bxd4 44. Bh2 f5 45. Nd2 Be3 46. Kc2 Nd4+ 47. Kc3 Ne2+ 48. Kc2 Bg1 49. Be5 Nd4+ 50. Bxd4+ Bxd4 51. Nf3 Bf6 52. Kd2 h3 53. b3 Be5 54. Nxe5 h2 0-1


[Site "https://www.chess.com"]

[Event "Titled Tuesday Blitz May 16 Late 2023"]
[White "Amburgy, Ryan"]
[Black "Bryant, Todd"]
[WhiteFideId "30924820"]
[BlackFideId "2031299"]
[WhiteElo "2134"]
[BlackElo "2373"]
[Result "1-0"]
[Round "01"]
[TimeControl "180+2"]
[Date "2023.05.16"]
[WhiteClock "0:01:08"]
[BlackClock "0:00:04"]

1. d4 Nf6 2. c4 g6 3. Nc3 Bg7 4. e4 d6 5. Nf3 O-O 6. Be2 e5 7. Be3 Ng4 8. Bg5 f6 9. Bh4 Nc6 10. d5 Ne7 11. Nd2 Nh6 12. f3 g5 13. Bf2 f5 14. c5 f4 15. Nc4 Kh8 16. Rc1 Ng6 17. cxd6 cxd6 18. Nb5 Rf6 19. Nxa7 Bd7 20. Nb6 Rxa7 21. Nxd7 Rxa2 22. Nxf6 Bxf6 23. Qb3 Qa5+ 24. Qc3 Qa4 25. O-O g4 26. Qc8+ Ng8 27. Qxb7 g3 28. hxg3 fxg3 29. Bxg3 Bg5 30. Rc7 N6e7 31. Bf2 Qa5 32. Bc4 Qd2 33. Bxa2 1-0


[Site "https://www.chess.com"]

[Event "Titled Tuesday Blitz May 16 Late 2023"]
[White "QuiesPrecatio"]
[Black "Mihajlov, Sebastian"]
[BlackFideId "1512110"]
[WhiteElo "2372"]
[BlackElo "2478"]
[Result "1-0"]
[Round "01"]
[TimeControl "180+2"]
[Date "2023.05.16"]
[WhiteClock "0:00:07"]
[BlackClock "0:00:01"]

1. d4 Nf6 2. c4 g6 3. Nf3 Bg7 4. g3 O-O 5. Bg2 d6 6. O-O Nc6 7. Nc3 Bf5 8. d5 Na5 9. Nd4 Bd7 10. b3 c5 11. dxc6 Nxc6 12. Bb2 a6 13. Nd5 Nxd5 14. Nxc6 bxc6 15. Bxg7 Kxg7 16. cxd5 c5 17. Qd2 a5 18. Qc3+ f6 19. a3 Qb6 20. Rfb1 Rab8 21. Rb2 Rb7 22. Rab1 Rfb8 23. Be4 Be8 24. Bd3 Bb5 25. Bxb5 Qxb5 26. e4 Rb6 27. Kg2 R8b7 28. h4 Qa6 29. g4 Qa8 30. g5 Rb5 31. h5 Qc8 32. f3 gxh5 33. gxf6+ exf6 34. Rg1 a4 35. b4 Kf7 36. Kh2 Qe8 37. Qd2 Qe5+ 38. Kh1 Re7 39. Qg2 Ke8 40. Qg8+ Kd7 41. Qa8 Qxb2 42. Qc6+ Kd8 43. Rg8+ 1-0


[Site "https://www.chess.com"]

[Event "Titled Tuesday Blitz May 16 Late 2023"]
[White "Ramirez Vido, Robert Yorisan"]
[Black "Marek, Matyas"]
[WhiteFideId "3513823"]
[BlackFideId "335398"]
[WhiteElo "2371"]
[BlackElo "2279"]
[Result "0-1"]
[Round "01"]
[TimeControl "180+2"]
[Date "2023.05.16"]
[WhiteClock "0:00:00"]
[BlackClock "0:02:09"]

1. f4 Nf6 2. Nf3 g6 3. g3 Bg7 4. Bg2 O-O 5. d3 d6 6. O-O Nbd7 7. e4 e5 8. Nc3 c6 9. f5 d5 10. exd5 cxd5 11. fxg6 hxg6 12. Kh1 d4 13. Ne4 Nxe4 14. dxe4 Nc5 15. Qe2 Bg4 16. h3 Bd7 17. Bd2 Rc8 18. Bb4 Qb6 19. Ba3 Bb5 20. Qf2 Nxe4 21. Qe1 Bxf1 22. Bxf1 Nd6 23. Bd3 Rfe8 24. Ng5 e4 25. Qf1 Nf5 0-1


[Site "https://www.chess.com"]

[Event "Titled Tuesday Blitz May 16 Late 2023"]
[White "benny_aizenberg"]
[Black "Kaganskiy, Gleb"]
[BlackFideId "4132025"]
[WhiteElo "2679"]
[BlackElo "2165"]
[Result "1-0"]
[Round "01"]
[TimeControl "180+2"]
[Date "2023.05.16"]
[WhiteClock "0:00:51"]
[BlackClock "0:00:00"]

1. f4 d5 2. Nf3 g6 3. g3 Bg7 4. Bg2 c5 5. O-O Nc6 6. d3 Nf6 7. c3 O-O 8. Qc2 Qb6 9. Kh1 Rd8 10. e4 dxe4 11. dxe4 e5 12. f5 Qa6 13. Bg5 gxf5 14. Nh4 Qd3 15. Qxd3 Rxd3 16. Nxf5 Bxf5 17. exf5 Rad8 18. Na3 h6 19. Bxf6 Bxf6 20. Nc4 Ne7 21. Bxb7 Nd5 22. Rae1 Nb6 23. Nxe5 Bxe5 24. Rxe5 Rd2 25. b3 Rxa2 26. f6 Rb2 27. Rfe1 h5 28. Re8+ Rxe8 29. Rxe8+ Kh7 30. Be4+ Kh6 31. h4 1-0


[Site "https://www.chess.com"]

[Event "Titled Tuesday Blitz May 16 Late 2023"]
[White "Manelyuk, Daniil"]
[Black "Schuster, Karsten"]
[WhiteFideId "44173920"]
[BlackFideId "4611071"]
[WhiteElo "2259"]
[BlackElo "2254"]
[Result "1-0"]
[Round "01"]
[TimeControl "180+2"]
[Date "2023.05.16"]
[WhiteClock "0:00:25"]
[BlackClock "0:00:22"]

1. e4 d5 2. exd5 Qxd5 3. Nc3 Qd6 4. d4 c6 5. g3 Nf6 6. Bf4 Qb4 7. Rb1 Bg4 8. Qd2 e6 9. Bg2 Qa5 10. a3 Qd8 11. Nge2 Bd6 12. O-O O-O 13. Qe3 Nd5 14. Nxd5 cxd5 15. Bxd6 Qxd6 16. Nf4 Bf5 17. Rbc1 b5 18. Nd3 Bxd3 19. Qxd3 a6 20. f4 Nd7 21. f5 Rac8 22. c3 Nf6 23. Rce1 Rfe8 24. Re5 Nd7 25. Re3 Re7 26. Rfe1 Rce8 27. Qe2 e5 28. dxe5 Rxe5 29. Qf2 d4 30. Rxe5 Rxe5 31. Rxe5 Qxe5 32. cxd4 Qc7 33. Qe3 Kf8 34. h4 h6 35. Qc3 Qxc3 36. bxc3 Nb6 37. Bb7 Na4 38. Bxa6 Nxc3 39. Kf2 Nb1 40. Bxb5 Nxa3 41. Bd3 Ke7 42. Ke3 Kd6 43. Ke4 f6 44. g4 Kc6 45. d5+ Kc5 46. h5 Nb5 47. Bxb5 Kxb5 48. Kd4 Kb6 49. Kc4 Kb7 50. Kc5 Kc7 51. d6+ Kd7 52. Kd5 Kd8 53. Ke6 Ke8 54. d7+ Kd8 55. Kf7 Kxd7 56. Kxg7 Ke7 57. Kxh6 Kf7 58. Kh7 Kf8 59. Kg6 1-0


[Site "https://www.chess.com"]

[Event "Titled Tuesday Blitz May 16 Late 2023"]
[White "Topalov, Aleksandar"]
[Black "Schekachikhin, Maksim"]
[WhiteFideId "925659"]
[BlackFideId "24177830"]
[WhiteElo "2151"]
[BlackElo "2272"]
[Result "0-1"]
[Round "01"]
[TimeControl "180+2"]
[Date "2023.05.16"]
[WhiteClock "0:00:00"]
[BlackClock "0:00:31"]

1. b3 d5 2. Bb2 Nf6 3. Nf3 Bf5 4. g3 e6 5. Bg2 h6 6. O-O Be7 7. d3 O-O 8. Nbd2 Bh7 9. c4 c6 10. a3 a5 11. Ra2 Nbd7 12. Qa1 b5 13. cxb5 cxb5 14. Rc1 Qb6 15. Bd4 Qb7 16. Rac2 Rfc8 17. Ne5 Nxe5 18. Bxe5 Rxc2 19. Rxc2 Rc8 20. Rxc8+ Qxc8 21. Qb2 Ne8 22. a4 b4 23. Bd4 Bf6 24. Nf3 Bxd4 25. Qxd4 Qc7 26. e4 Nf6 27. Ne5 dxe4 28. Bxe4 Bxe4 29. dxe4 Qc1+ 30. Kg2 Qb1 31. Nc4 Qxb3 32. Nxa5 Qxa4 33. Nc4 Qc6 34. f3 b3 35. Ne3 Qc1 36. Nc4 Qc2+ 37. Kh3 e5 38. Qd8+ Kh7 0-1


[Site "https://www.chess.com"]

[Event "Titled Tuesday Blitz May 16 Late 2023"]
[White "Alex_Sahakyan2006"]
[Black "Shapiro, Daniel"]
[BlackFideId "2001780"]
[WhiteElo "2676"]
[BlackElo "2365"]
[Result "1-0"]
[Round "01"]
[TimeControl "180+2"]
[Date "2023.05.16"]
[WhiteClock "0:00:13"]
[BlackClock "0:00:09"]

1. d4 Nf6 2. Nf3 b6 3. c4 e6 4. g3 Ba6 5. Nbd2 d5 6. Bg2 Be7 7. O-O O-O 8. Qc2 c6 9. b3 Nbd7 10. e4 Rc8 11. e5 Ne8 12. Rd1 Nc7 13. h4 h6 14. cxd5 Nxd5 15. Ne4 c5 16. Qd2 cxd4 17. Qxd4 Be2 18. Re1 Bxf3 19. Bxf3 Nc5 20. Nxc5 Rxc5 21. Qg4 h5 22. Qxh5 Nf6 23. exf6 Rxh5 24. fxe7 Qxe7 25. Bxh5 Qf6 26. Bg5 Qf5 27. Be2 Rc8 28. Rad1 f6 29. Bd3 Qh3 30. Bf1 Qf5 31. Be3 Rc7 32. Kh2 Kf7 33. Bh3 Qf3 34. Rc1 Re7 35. Bg2 Qf5 36. Red1 e5 37. Bd5+ Kg6 38. Rc4 e4 39. Rcd4 Re5 40. Bc4 b5 41. Bf1 Qf3 42. Bg2 Qe2 43. R4d2 Qg4 44. Re1 Qe6 45. Bf4 Rd5 46. Bxe4+ f5 47. Rxd5 fxe4 48. Rd6 1-0


[Site "https://www.chess.com"]

[Event "Titled Tuesday Blitz May 16 Late 2023"]
[White "Gerbelli Neto, Eduardo"]
[Black "Seemann, Jakub"]
[WhiteFideId "2103281"]
[BlackFideId "21874697"]
[WhiteElo "2178"]
[BlackElo "2364"]
[Result "0-1"]
[Round "01"]
[TimeControl "180+2"]
[Date "2023.05.16"]
[WhiteClock "0:01:03"]
[BlackClock "0:01:37"]

1. e4 e6 2. d4 d5 3. Nc3 dxe4 4. Nxe4 Nd7 5. Nf3 Ngf6 6. Bd3 c5 7. O-O Nxe4 8. Bxe4 Nf6 9. Bd3 Qc7 10. Bg5 Be7 11. c3 O-O 12. Qc2 h6 13. Bh4 cxd4 14. Nxd4 b6 15. Bg3 Qc5 16. b4 Qd5 17. Rad1 Bb7 18. f3 Rac8 19. Qd2 Bxb4 20. cxb4 Qxd4+ 21. Kh1 Qc3 22. Rfe1 Qxd2 23. Rxd2 Rfd8 24. Red1 Nd5 25. a3 Ne3 26. Re1 Nc4 27. Rdd1 Nb2 28. Be4 Rxd1 0-1


[Site "https://www.chess.com"]

[Event "Titled Tuesday Blitz May 16 Late 2023"]
[White "Arabidze, Meri"]
[Black "Mickiewicz, Piotr"]
[WhiteFideId "13604040"]
[BlackFideId "1114891"]
[WhiteElo "2405"]
[BlackElo "2246"]
[Result "0-1"]
[Round "01"]
[TimeControl "180+2"]
[Date "2023.05.16"]
[WhiteClock "0:00:00"]
[BlackClock "0:00:13"]

1. Nf3 g6 2. g3 Bg7 3. Bg2 d6 4. O-O Nf6 5. d4 O-O 6. a4 a5 7. Nc3 c6 8. e4 Na6 9. Re1 Nd7 10. Bg5 h6 11. Be3 e5 12. Qd2 Kh7 13. Rad1 Qe7 14. d5 c5 15. Nb5 Nf6 16. Qd3 Nb4 17. Qc4 Bd7 18. Bc1 Na6 19. c3 Ne8 20. Nh4 Nec7 21. Na3 Rab8 22. Qd3 Bxa4 23. Rd2 Bd7 24. Rde2 b5 25. f4 c4 26. Qf3 Nc5 27. fxe5 dxe5 28. Be3 Nd3 29. Rf1 Ne8 30. Nc2 Nd6 31. Ne1 b4 32. Nxd3 cxd3 33. Rd2 bxc3 34. bxc3 Bb5 35. Bc5 Rbc8 36. Qf2 a4 37. Rb1 Bc4 38. Qe3 Qc7 39. Ba3 h5 40. Bh3 Bh6 41. Qf2 Nxe4 42. Qg2 Qa7+ 43. Kh1 Nxd2 44. Bxc8 Nxb1 45. Bxf8 d2 0-1


[Site "https://www.chess.com"]

[Event "Titled Tuesday Blitz May 16 Late 2023"]
[White "Hoffmann, Asa"]
[Black "Gritsenko, Nikolai"]
[WhiteFideId "2001470"]
[BlackFideId "14112493"]
[WhiteElo "2117"]
[BlackElo "2389"]
[Result "0-1"]
[Round "01"]
[TimeControl "180+2"]
[Date "2023.05.16"]
[WhiteClock "0:00:04"]
[BlackClock "0:00:10"]

1. d4 d5 2. Bg5 c6 3. e3 Qb6 4. b3 h6 5. Bf4 Bf5 6. Bd3 Bxd3 7. Qxd3 e6 8. Nd2 Nf6 9. Ngf3 Nh5 10. Be5 Nd7 11. g4 Nhf6 12. Bg3 Nxg4 13. c4 Ngf6 14. O-O Be7 15. e4 dxe4 16. Nxe4 Nxe4 17. Qxe4 Nf6 18. Qd3 Rd8 19. Rad1 Qa5 20. Qc2 Qh5 21. Ne5 Nd7 22. Nd3 O-O 23. f4 Bf6 24. Ne5 c5 25. Nxd7 Rxd7 26. dxc5 Qxc5+ 27. Kg2 Rfd8 28. Rxd7 Rxd7 29. Rd1 Qc6+ 30. Kh3 Qc8 31. a3 Rxd1 32. Qxd1 e5+ 33. Kg2 Qc6+ 34. Kh3 exf4 35. Bxf4 g5 36. Bg3 Qe6+ 37. Kg2 Kg7 38. Qd3 h5 39. h3 a6 40. b4 h4 41. Bf2 g4 42. c5 gxh3+ 43. Qxh3 Qe4+ 44. Kg1 Kg6 45. Qg2+ Qxg2+ 46. Kxg2 Kf5 47. Kf3 Ke5 48. a4 Kd5 49. b5 axb5 50. axb5 Be7 51. c6 bxc6 52. b6 Bd6 53. Bxh4 c5 54. b7 Kc6 55. Ke4 Kxb7 56. Kd5 Bf8 57. Bf2 Kb6 58. Be3 Kb5 59. Ke4 Be7 60. Bd2 Kc4 61. Kf5 Kb3 62. Ke4 c4 63. Be3 c3 64. Bc1 Kc2 65. Be3 Kd1 66. Bf4 c2 67. Kd5 Bb4 68. Kc6 Bd2 69. Be5 c1=Q+ 70. Kd7 f5 71. Ke6 Qc2 72. Bf6 Qe4+ 73. Kf7 f4 0-1


[Site "https://www.chess.com"]

[Event "Titled Tuesday Blitz May 16 Late 2023"]
[White "Tisaj, Domen"]
[Black "Fernandez Siles, Luis"]
[WhiteFideId "14628708"]
[BlackFideId "2209420"]
[WhiteElo "2340"]
[BlackElo "2195"]
[Result "1-0"]
[Round "01"]
[TimeControl "180+2"]
[Date "2023.05.16"]
[WhiteClock "0:01:34"]
[BlackClock "0:00:02"]

1. Nf3 Nf6 2. b3 g6 3. Bb2 Bg7 4. e3 O-O 5. d4 d5 6. Bd3 c5 7. dxc5 Nbd7 8. b4 Qc7 9. Nbd2 e5 10. e4 dxe4 11. Nxe4 Nxe4 12. Bxe4 a5 13. a3 Re8 14. O-O Nf6 15. Nd2 Be6 16. Qe2 Rad8 17. Nc4 Bxc4 18. Qxc4 Nxe4 19. Qxe4 Rd2 20. Bc3 Rd7 21. Rad1 Red8 22. Rxd7 Rxd7 23. g3 h6 24. Re1 f5 25. Qc4+ Kh7 26. Qe6 Re7 27. Qd6 e4 28. Bxg7 Kxg7 29. Rd1 axb4 30. axb4 b5 31. cxb6 Qxd6 32. Rxd6 1-0


[Site "https://www.chess.com"]

[Event "Titled Tuesday Blitz May 16 Late 2023"]
[White "mohsengabr2002"]
[Black "Riff, Vincent"]
[BlackFideId "617776"]
[WhiteElo "2353"]
[BlackElo "2369"]
[Result "1-0"]
[Round "01"]
[TimeControl "180+2"]
[Date "2023.05.16"]
[WhiteClock "0:02:41"]
[BlackClock "0:02:28"]

1. e4 c5 2. d3 Nc6 3. Nd2 Nf6 4. g3 d5 5. Bg2 Bg4 6. f3 Bc8 7. Nh3 g6 8. Nf2 Bg7 9. O-O O-O 10. c3 b6 11. Qe2 Ba6 12. e5 Nd7 13. e6 Nde5 14. exf7+ Rxf7 15. f4 Nd7 16. Bxd5 1-0


[Site "https://www.chess.com"]

[Event "Titled Tuesday Blitz May 16 Late 2023"]
[White "Matinian, Nikita"]
[Black "Buchenau, Frank"]
[WhiteFideId "24129100"]
[BlackFideId "4604350"]
[WhiteElo "2422"]
[BlackElo "2157"]
[Result "1-0"]
[Round "01"]
[TimeControl "180+2"]
[Date "2023.05.16"]
[WhiteClock "0:00:04"]
[BlackClock "0:00:00"]

1. e4 e6 2. d4 d5 3. Nc3 Nf6 4. Bg5 dxe4 5. Nxe4 Be7 6. Bxf6 gxf6 7. Nf3 f5 8. Nc3 a6 9. g3 b5 10. Bg2 Bb7 11. O-O O-O 12. a3 c5 13. Re1 cxd4 14. Nxd4 Bxg2 15. Kxg2 Ra7 16. Nf3 Qxd1 17. Raxd1 Rd7 18. Rxd7 Nxd7 19. Nd5 Bd8 20. Nb4 Nc5 21. Ne5 Bf6 22. Nbc6 Rc8 23. b3 Ne4 24. f3 Nc3 25. f4 Kf8 26. Re3 Nd5 27. Re2 Bxe5 28. Nxe5 Rc3 29. a4 bxa4 30. bxa4 Ra3 31. c4 Ne3+ 32. Kh3 f6 33. Nd7+ Ke7 34. Nc5 Kd6 35. Nxa6 e5 36. c5+ Ke6 37. fxe5 fxe5 38. c6 f4 39. c7 Kd7 40. Rd2+ Kc8 41. Rd8+ Kb7 42. c8=Q+ 1-0


[Site "https://www.chess.com"]

[Event "Titled Tuesday Blitz May 16 Late 2023"]
[White "Rosen, Eric"]
[Black "Vaglio Munoz, Jaime"]
[WhiteFideId "2032562"]
[BlackFideId "6500145"]
[WhiteElo "2331"]
[BlackElo "2199"]
[Result "1-0"]
[Round "01"]
[TimeControl "180+2"]
[Date "2023.05.16"]
[WhiteClock "0:02:04"]
[BlackClock "0:01:18"]

1. d4 c6 2. Bf4 Qb6 3. Nf3 Qxb2 4. Nbd2 d6 5. e4 Nf6 6. Bd3 Nbd7 7. O-O e5 8. Nc4 Qc3 9. Bd2 Qxa1 10. Qxa1 exd4 11. Nxd4 Nc5 12. Bf4 d5 13. exd5 Nxd5 14. Re1+ Kd8 15. Bd6 Ne6 16. Nxe6+ Bxe6 17. Bxf8 Rxf8 18. Qxg7 Ke7 19. Bf5 Rg8 20. Rxe6+ 1-0


[Site "https://www.chess.com"]

[Event "Titled Tuesday Blitz May 16 Late 2023"]
[White "Domingo Nunez, Ruben"]
[Black "a-z30"]
[WhiteFideId "22245570"]
[WhiteElo "2404"]
[BlackElo "2369"]
[Result "1-0"]
[Round "01"]
[TimeControl "180+2"]
[Date "2023.05.16"]
[WhiteClock "0:01:25"]
[BlackClock "0:00:01"]

1. c4 e6 2. g3 d5 3. Bg2 Nf6 4. b3 c5 5. Bb2 Be7 6. Nf3 O-O 7. O-O Nc6 8. d3 b6 9. Nbd2 Bb7 10. a3 d4 11. Ne1 Qc7 12. Nc2 e5 13. Rb1 a5 14. Bc1 Nd8 15. f3 Ne6 16. b4 axb4 17. axb4 cxb4 18. Nxb4 Bxb4 19. Rxb4 Nc5 20. Ne4 Nfxe4 21. fxe4 Ra1 22. Qc2 Rfa8 23. Bd2 R8a2 24. Rb2 Rxf1+ 25. Kxf1 Rxb2 26. Qxb2 Bc6 27. Qa3 Qb7 28. Bb4 Nd7 29. Bd6 Qa8 30. Qb2 f6 31. Bh3 Qa6 32. Be6+ Kh8 33. Kf2 h6 34. h4 Qa7 35. Qb4 Qa5 36. Qb2 Qc3 37. Qa2 Qc1 38. Qa7 Qe3+ 39. Kf1 Qc1+ 40. Kg2 Qe3 41. Bxd7 Qxe2+ 42. Kh3 Qf1+ 43. Kg4 Bxd7+ 44. Qxd7 Qe2+ 45. Kf5 Qf3+ 46. Ke6 Qg4+ 47. Ke7 Qxg3 48. Kf7 Qxd3 49. Qe8+ 1-0


[Site "https://www.chess.com"]

[Event "Titled Tuesday Blitz May 16 Late 2023"]
[White "Xavier_mompel"]
[Black "MKlose11"]
[WhiteElo "2346"]
[BlackElo "2656"]
[Result "0-1"]
[Round "01"]
[TimeControl "180+2"]
[Date "2023.05.16"]
[WhiteClock "0:00:01"]
[BlackClock "0:00:35"]

1. e4 e6 2. d4 d5 3. Nc3 Bb4 4. e5 Ne7 5. a3 Bxc3+ 6. bxc3 b6 7. Qg4 Ng6 8. h4 h5 9. Qg3 Ba6 10. Bxa6 Nxa6 11. Nf3 Nb8 12. Ng5 Qd7 13. Be3 Nc6 14. O-O Nge7 15. Qf3 Nf5 16. Bd2 Nxh4 17. Qh3 Ng6 18. f4 Nge7 19. Rae1 Na5 20. f5 O-O-O 21. Nxf7 Nxf5 22. Nxd8 Rxd8 23. g4 hxg4 24. Qxg4 Nc4 25. Bc1 Rh8 26. Rf2 Rh4 27. Qg5 Rh3 28. Rg2 Rxc3 29. Rf1 Nxd4 30. Rf8+ Kb7 31. Qg4 Nf5 32. Rg8 Nxe5 33. Qg5 Nf3+ 0-1


[Site "https://www.chess.com"]

[Event "Titled Tuesday Blitz May 16 Late 2023"]
[White "Ansh M Shah"]
[Black "Kourkoulos-Arditis, Stamatis"]
[WhiteFideId "25033379"]
[BlackFideId "4221990"]
[WhiteElo "2084"]
[BlackElo "2400"]
[Result "0-1"]
[Round "01"]
[TimeControl "180+2"]
[Date "2023.05.16"]
[WhiteClock "0:01:00"]
[BlackClock "0:00:56"]

1. d4 c5 2. d5 Nf6 3. Nc3 d6 4. e4 g6 5. Be2 Bg7 6. a4 O-O 7. h4 e6 8. dxe6 Bxe6 9. h5 Nc6 10. Nf3 d5 11. exd5 Nxd5 12. Nxd5 Qxd5 13. Qxd5 Bxd5 14. O-O Rfe8 15. Bb5 a6 16. Bxc6 Bxc6 17. c3 Re2 18. hxg6 hxg6 19. Be3 Bxf3 20. gxf3 Rxb2 21. Bxc5 Bxc3 22. Ra3 Bf6 23. Rd1 Rc8 24. Be3 Rc4 25. Rd7 Kg7 26. a5 Rc3 27. Ra4 Rcc2 28. Rf4 Rc6 29. Rxf6 Rb1+ 30. Kg2 Kxf6 31. Bb6 Rbxb6 32. axb6 Rxb6 0-1


[Site "https://www.chess.com"]

[Event "Titled Tuesday Blitz May 16 Late 2023"]
[White "Stachanczyk, Jacek"]
[Black "Mendez Fortes, Eduardo Jesus"]
[WhiteFideId "1116657"]
[BlackFideId "3502376"]
[WhiteElo "2084"]
[BlackElo "2307"]
[Result "0-1"]
[Round "01"]
[TimeControl "180+2"]
[Date "2023.05.16"]
[WhiteClock "0:00:00"]
[BlackClock "0:00:20"]

1. e4 c5 2. Nf3 d6 3. d4 cxd4 4. Nxd4 Nf6 5. Nc3 a6 6. Bg5 Nbd7 7. f4 Qc7 8. Qf3 h6 9. Bh4 g5 10. fxg5 Ne5 11. Qe2 Bg4 12. Qd2 hxg5 13. Bxg5 Qc5 14. Bxf6 exf6 15. Nb3 Qc8 16. Nd5 Bg7 17. Nb6 Qd8 18. Nxa8 Qxa8 19. Qxd6 Qa7 20. Qd4 Qb8 21. h3 f5 22. Qc5 Bf8 23. Qd5 Nf3+ 24. gxf3 Qg3+ 25. Kd2 Bh6+ 26. Kc3 Bxf3 27. Rg1 Qc7+ 28. Bc4 Bxe4 29. Qxf7+ Qxf7 30. Bxf7+ Kxf7 31. Nc5 Rc8 32. Kd4 Bc6 33. Nd3 Rd8+ 34. Kc5 Rd5+ 35. Kc4 Bf8 36. Raf1 Ra5 37. a3 Ra4+ 38. Kc3 Ra5 39. h4 Bh6 40. h5 Rd5 41. Rg6 Be3 42. Rxc6 bxc6 0-1


[Site "https://www.chess.com"]

[Event "Titled Tuesday Blitz May 16 Late 2023"]
[White "Fishbein, Mitch"]
[Black "Prieto Aranguren, Alain"]
[WhiteFideId "30922917"]
[BlackFideId "2268906"]
[WhiteElo "1964"]
[BlackElo "2209"]
[Result "1/2-1/2"]
[Round "01"]
[TimeControl "180+2"]
[Date "2023.05.16"]
[WhiteClock "0:00:07"]
[BlackClock "0:00:08"]

1. e4 c6 2. d4 d5 3. Nc3 dxe4 4. Nxe4 Nf6 5. Qd3 Nxe4 6. Qxe4 Nd7 7. Nf3 Nf6 8. Qd3 Bg4 9. Be2 e6 10. O-O Bd6 11. Qb3 Qc7 12. h3 Bh5 13. c4 c5 14. Be3 cxd4 15. Bxd4 O-O 16. Rac1 Bc5 17. Be5 Qb6 18. Qxb6 axb6 19. a3 Ne4 20. Bd3 Bxf3 21. gxf3 Nd2 22. Kg2 Nxf1 23. Bxf1 Rfd8 24. b4 Bd6 25. Bd4 Bf4 26. Be3 Bxe3 27. fxe3 Rxa3 28. e4 Rd2+ 29. Kg3 h5 30. h4 Rb2 31. c5 Rxb4 32. cxb6 Rxb6 33. Kf4 e5+ 34. Kxe5 Rxf3 35. Rc8+ Kh7 36. Bc4 f6+ 37. Kd4 Rf4 38. Bg8+ Kg6 39. Rf8 Rxh4 40. Bf7+ Kh7 41. Bg8+ Kg6 42. Bf7+ Kg5 43. Rg8 Kf4 44. Rxg7 Kf3 45. Bd5 f5 46. Rf7 Rf4 47. Ke5 Ke3 48. exf5 h4 49. Rc7 Rf2 50. Be6 h3 51. Rc3+ Kd2 52. Rxh3 Rb5+ 53. Kf6 b6 54. Rh8 Rc5 55. Rb8 b5 56. Ke7 Kc3 57. f6 b4 58. f7 Re5 59. f8=Q Rxf8 60. Rxf8 b3 61. Rf3+ Kc2 62. Rxb3 Rxe6+ 63. Kxe6 Kxb3 1/2-1/2


[Site "https://www.chess.com"]

[Event "Titled Tuesday Blitz May 16 Late 2023"]
[White "Stalri"]
[Black "Lewicki, Miroslaw"]
[BlackFideId "1113380"]
[WhiteElo "2335"]
[BlackElo "2212"]
[Result "1-0"]
[Round "01"]
[TimeControl "180+2"]
[Date "2023.05.16"]
[WhiteClock "0:00:08"]
[BlackClock "0:00:00"]

1. d4 Nf6 2. c4 e6 3. Nc3 d5 4. cxd5 exd5 5. Bg5 Nbd7 6. e3 Be7 7. Bd3 O-O 8. Nf3 h6 9. Bh4 b6 10. O-O Bb7 11. Rc1 c5 12. Bf5 g6 13. Bb1 Kg7 14. Ne5 cxd4 15. exd4 Nxe5 16. dxe5 Ne4 17. Bxe7 Qxe7 18. Nxd5 Qxe5 19. Nc3 Ng5 20. Re1 Qf6 21. Nd5 Qxb2 22. Rc7 Bxd5 23. Qxd5 Rad8 24. Qc6 Rfe8 25. Qxg6+ Kf8 26. Qxh6+ Qg7 27. Rxe8+ Rxe8 28. Qxg7+ Kxg7 29. Kf1 a5 30. Rc6 Rb8 31. Bd3 Ne6 32. a4 Nc5 33. Bb5 f6 34. h4 Ne4 35. g4 Nd2+ 36. Ke2 Nb3 37. Rc7+ Kh6 38. Bd3 Rh8 39. Ke3 Nc5 40. Bf5 Nxa4 41. f4 Nc5 42. Rc6 Re8+ 43. Kf3 Nb3 44. Rxf6+ Kg7 45. Rxb6 a4 46. Rb7+ Kf6 47. Bd3 Nc5 48. g5+ Ke6 49. Bc4+ Kd6 50. Rb6+ Kc7 51. Rb5 Kc6 52. Ra5 Rb8 53. g6 Nd7 54. g7 Nf6 55. Ra6+ Kc5 56. Rxf6 Kxc4 57. Rf8 Rb3+ 58. Kg4 Rb7 59. g8=Q+ 1-0


[Site "https://www.chess.com"]